General information
- name: BNet
- type: Ladder 1vs1/FFA
- host: Battle.net
- saver: GapInTheTooth
map: Wetlands
- players: 2
- length: 29:29
- speed: Fast
- version: 1.21 W3XP
- replay type: Public
» download(94 KB)
Players
team 1 (loser)
gimpp (
purple | 74 APM | 2166 actions | 29:25)
6 Demon Hunter
3 Immolation
2 Mana Burn
1 Metamorphosis
5 Keeper of the Grove
3 Entangling Roots
2 Thorns Aura
» actions
| Assign group hotkey | 124 | |
| Basic commands | 291 | |
| Build / train | 101 | |
| Enter build submenu | 19 | |
| Enter hero's abilities submenu | 12 | |
| Right click | 767 | |
| Select / deselect | 448 | |
| Select group hotkey | 288 | |
| Use ability | 116 | |
2166 total
» units
| Wisp | 28 | |
| Huntress | 5 | |
| Archer | 3 | |
| Dryad | 3 | |
| Druid of the Talon | 6 | |
| Druid of the Claw | 4 | |
| Glaive Thrower | 1 | |
| Hippogryph | 4 | |
| Mountain Giant | 3 | |
57 total
» upgrades
| Strength of the Wild | 3 | |
| Reinforced Hides | 2 | |
| Abolish Magic | 1 | |
| Druid of the Talon Training | 2 | |
| Druid of the Claw Training | 2 | |
| Mark of the Claw | 1 | |
11 total
» buildings
| Altar of Elders | 1 | |
| Moon Well | 8 | |
| Hunter's Hall | 1 | |
| Ancient of War | 2 | |
| Ancient Protector | 1 | |
| Tree of Ages | 1 | |
| Ancient of Lore | 1 | |
| Ancient of Wind | 1 | |
| Ancient of Wonders | 1 | |
| Tree of Life | 2 | |
| Tree of Eternity | 1 | |
20 total
» build order
00:06 Altar of Elders
00:09 Moon Well
01:05 Hunter's Hall
01:36 Ancient of War
02:04 Ancient of War
02:18 Moon Well
03:03 Ancient Protector
03:51 Moon Well
04:52 Tree of Ages
05:40 Moon Well
07:51 Ancient of Lore
07:57 Ancient of Wind
08:10 Moon Well
08:42 Ancient of Wonders
09:14 Moon Well
09:30 Tree of Life
10:19 Moon Well
12:04 Tree of Eternity
18:28 Moon Well
19:13 Tree of Life
» items
| Orb of Venom | 1 | |
| Potion of Healing | 1 | |
| Moonstone | 1 | |
3 total
team 2 (winner)

»
GapInTheTooth (
blue | 70 APM | 2076 actions | 29:29)
5 Death Knight
2 Death Coil
3 Unholy Aura
4 Dark Ranger
2 Black Arrow
2 Life Drain
2 Dreadlord
1 Vampiric Aura
1 Sleep
» actions
| Assign group hotkey | 40 | |
| Basic commands | 107 | |
| Build / train | 75 | |
| ESC pressed | 18 | |
| Enter build submenu | 33 | |
| Enter hero's abilities submenu | 11 | |
| Right click | 1088 | |
| Select / deselect | 450 | |
| Select group hotkey | 169 | |
| Use ability | 85 | |
2076 total
» units
| Acolyte | 8 | |
| Ghoul | 11 | |
| Crypt Fiend | 5 | |
| Obsidian Statue | 5 | |
| Frost Wyrm | 5 | |
| Abomination | 1 | |
| Banshee | 2 | |
| Meatwagon | 2 | |
39 total
» upgrades
| Burrow | 1 | |
| Web | 1 | |
| Destroyer Form | 1 | |
| Ghoul Frenzy | 1 | |
| Creature Attack | 3 | |
| Freezing Breath | 1 | |
| Disease Cloud | 1 | |
| Creature Carapace | 1 | |
10 total
» buildings
| Crypt | 2 | |
| Ziggurat | 15 | |
| Altar of Darkness | 2 | |
| Graveyard | 2 | |
| Nerubian Tower | 1 | |
| Halls of the Dead | 2 | |
| Spirit Tower | 5 | |
| Tomb of Relics | 1 | |
| Black Citadel | 1 | |
| Slaughterhouse | 1 | |
| Sacrificial Pit | 1 | |
| Boneyard | 2 | |
| Temple of the Damned | 1 | |
| Necropolis | 1 | |
37 total
» build order
00:17 Crypt
00:18 Ziggurat
00:28 Altar of Darkness
01:46 Ziggurat
02:00 Graveyard
02:02 Graveyard
02:27 Nerubian Tower
02:51 Halls of the Dead
03:35 Spirit Tower
03:59 Ziggurat
04:54 Tomb of Relics
05:31 Black Citadel
07:14 Slaughterhouse
08:19 Ziggurat
09:06 Ziggurat
09:07 Ziggurat
09:10 Ziggurat
09:14 Ziggurat
09:46 Sacrificial Pit
10:06 Spirit Tower
10:09 Spirit Tower
10:51 Spirit Tower
12:54 Boneyard
12:56 Boneyard
15:08 Ziggurat
15:12 Ziggurat
15:54 Ziggurat
16:21 Temple of the Damned
19:19 Spirit Tower
23:52 Necropolis
24:22 Ziggurat
24:23 Ziggurat
24:24 Ziggurat
24:25 Ziggurat
24:35 Altar of Darkness
25:41 Crypt
28:34 Halls of the Dead
» items
| Potion of Lesser Invulnerability | 1 | |
| Orb of Corruption | 1 | |
| Scroll of Town Portal | 1 | |
3 total
Chat log
(00:05 / All) GapInTheTooth: gl hf
(23:12 / All) gimpp: gg
(27:33 / All) GapInTheTooth: GG
(27:43 / All) gimpp: rofl u think i dont have a gold mine right
(28:03 / All) GapInTheTooth: rofl u think im not going to call ur bluff right
(28:15 / All) gimpp: yea bc ur checking right now
(28:31 / All) GapInTheTooth: just leave u got too cocky